 Dungeon Crawl Stone Soup version 0.20.1-1-g8b1a95d66d (webtiles) character file.

200 Peloso the Covered (level 6, -1/42 HPs)
             Began as a Halfling Fighter on Nov 28, 2017.
             Killed by nerve-wracking pain
             ... invoked by an orc priest
              (9 damage)
             ... on level 3 of the Dungeon.
             The game lasted 00:06:11 (2133 turns).

Peloso the Covered (Halfling Fighter)               Turns: 2133, Time: 00:06:12

Health: -1/42      AC: 11    Str: 19    XL:     6   Next: 6%
Magic:  6/6        EV: 11    Int:  6    God:
Gold:   230        SH: 10    Dex: 20    Spells: 5/5 levels left

rFire    . . .     SeeInvis .   a - +1 long sword
rCold    . . .     Gourm    .   c - +0 shield
rNeg     . . .     Faith    .   b - quicksilver dragon scales
rPois    .         Spirit   .   (no helmet)
rElec    .         Reflect  .   (no cloak)
rCorr    .         Harm     .   (no gloves)
MR       +....                  p - +0 pair of boots (curse)
Stlth    +.........             (no amulet)
Regen    0.2/turn               h - +6 ring of dexterity
MPRegen  0.1/turn               (no ring)

@: no status effects
A: mutation resistance 1
a: no special abilities


You were on level 3 of the Dungeon.
You were not hungry.

You visited 1 branch of the dungeon, and saw 3 of its levels.

You collected 230 gold pieces.

Inventory:

Hand Weapons
 a - a +1 long sword (weapon)
Armour
 b - quicksilver dragon scales (worn)
 c - a +0 shield (worn)
 p - a cursed +0 pair of boots (worn)
Jewellery
 h - a +6 ring of dexterity (left hand)
Wands
 d - a wand of flame (18/48)
Scrolls
 i - a scroll of enchant weapon
 m - a scroll of remove curse
 s - a scroll of enchant armour {unknown}
 t - 2 scrolls of magic mapping {unknown}
 u - a scroll of recharging {unknown}
Potions
 e - a potion of agility
 j - a potion of magic {unknown}
 l - a potion of lignification {unknown}
 n - 2 potions of curing {unknown}
 o - a potion of brilliance {unknown}
 q - 2 potions of flight {unknown}
Comestibles
 f - a bread ration
 g - 3 chunks of flesh
 k - 3 royal jellies


   Skills:
 + Level 3.2 Fighting
 + Level 4.0 Long Blades
 + Level 4.2 Armour
 + Level 1.4 Dodging
 + Level 0.8 Stealth
 + Level 3.8 Shields


You had 5 spell levels left.
You didn't know any spells.

Dungeon Overview and Level Annotations

Branches:
Dungeon (3/15)

Altars:

Annotations:
D:3 Smoofers's ghost, amateur GrBe


Innate Abilities, Weirdness & Mutations

You are small and have problems with some larger weapons.
You are somewhat resistant to further mutation.


Message History

The orc priest is heavily wounded.
The orc priest mumbles some strange prayers to Beogh against you.
Beogh smites you!
You hit the orc priest but do no damage.
The orc priest is heavily wounded.
The orc priest hits you with a dagger.
You hit the orc priest.
The orc priest is almost dead.
The orc priest invokes the aid of Beogh against you.
Beogh smites you!
* * * LOW HITPOINT WARNING * * *
You block the orc priest's attack.
You barely miss the orc priest.
The orc priest is almost dead.
The orc priest hits you but does no damage.
You hit the orc priest but do no damage.
The orc priest is almost dead.
The orc priest calls down the wrath of Beogh upon you.
Pain shoots through your body!
You die...

≈≈ P≈ ≈≈≈≈≈≈≈≈≈.≈≈.. ..
≈≈≈≈≈≈≈≈≈P... ....
≈P≈≈≈≈≈≈≈P.. ....
.≈.≈≈≈≈≈≈≈.≈ #... ##...
P≈..≈≈≈PPP ..# #..#
..≈.≈≈≈≈≈ .#
###.######...≈≈P≈≈
##########.....)@o.....≈≈≈≈
#................##.....#≈≈
..###...####.....###....#
### #...## #.....# #..##
..###....# #.##..# ###
#.....#### ####..# ####..#
#..# ##.# # ####.##
##..##.# #....#


You could see an orc priest.

Vanquished Creatures
  2 orc priests (D:3)
  Jessica (D:3)
  Ijyb (D:3)
  2 adders
  An ooze (D:2)
  A worm (D:1)
  2 dart slugs
  A leopard gecko (D:1)
  4 orcs (D:3)
  7 bats
  3 giant cockroaches (D:2)
  4 goblins
  3 hobgoblins
  6 jackals (D:2)
  8 kobolds
  A quokka (D:2)
  A ball python (D:2)
  5 frilled lizards
  5 rats
58 creatures vanquished.

Notes
Turn   | Place    | Note
-------+----------+-------------------------------------------
     0 | D:1      | Peloso the Halfling Fighter began the quest for the Orb.
     0 | D:1      | Reached XP level 1. HP: 15/15 MP: 1/1
   124 | D:1      | Reached XP level 2. HP: 20/20 MP: 2/2
   245 | D:1      | Reached XP level 3. HP: 11/26 MP: 3/3
   908 | D:2      | Reached XP level 4. HP: 24/31 MP: 4/4
  1554 | D:3      | Reached skill level 1 in Dodging
  1558 | D:3      | Noticed Ijyb
  1582 | D:3      | Killed Ijyb
  1582 | D:3      | Reached XP level 5. HP: 24/36 MP: 5/5
  1648 | D:3      | Noticed Jessica
  1654 | D:3      | Killed Jessica
  1733 | D:3      | Noticed Smoofers's ghost (amateur GrBe)
  2119 | D:3      | Reached XP level 6. HP: 26/42 MP: 6/6
  2133 | D:3      | Killed from afar by an orc priest

Skill      XL: |  1  2  3  4  5 |
---------------+----------------+-----
Fighting       | 3 |  3.2
Armour         | 4 |  4.2
Dodging        | 1 |  1.4
Long Blades    | 3 4 |  4.0
Stealth        | |  0.8
Shields        | |  3.8

Action                   |  1- 3 |  4- 6 || total
-------------------------+-------+-------++-------
Melee: Long sword        |    94 |    92 ||   186
  Use: Scroll            |     1 |     3 ||     4
       Potion            |       |     1 ||     1
  Eat: Chunk             |       |     4 ||     4
Armor: Scale mail        |    54 |       ||    54
       Quicksilver drago |     2 |    27 ||    29
Dodge: Dodged            |    45 |    43 ||    88
Block: Shield            |    99 |    46 ||   145
       Rpst.: Long sword |    14 |    20 ||    34
